 Dungeon Crawl Stone Soup version 0.21-a0-621-gc60411f (webtiles) character file.

67 slep the Slasher (level 3, -1/28 HPs)
             Began as a Demonspawn Gladiator on Dec 24, 2017.
             Slain by Ijyb (2 damage)
             ... on level 2 of the Dungeon.
             The game lasted 00:05:58 (1187 turns).

slep the Slasher (Demonspawn Gladiator)             Turns: 1187, Time: 00:05:59

Health: -1/28      AC:  4    Str: 14    XL:     3   Next: 98%
Magic:  3/3        EV: 13    Int:  9    God:
Gold:   87         SH:  0    Dex: 15    Spells: 2/2 levels left

rFire    . . .     SeeInvis .   a - +0 long sword
rCold    . . .     Gourm    .   (no shield)
rNeg     . . .     Faith    .   b - +0 leather armour
rPois    .         Spirit   .   c - +0 helmet
rElec    .         Reflect  .   (no cloak)
rCorr    .         Harm     .   (no gloves)
MR       .....                  (no boots)
Stlth    +.........             (no amulet)
HPRegen  0.09/turn              (no ring)
MPRegen  0.08/turn              (no ring)

@: no status effects
A: powered by death 1
a: no special abilities


You were on level 2 of the Dungeon.
You were very hungry.

You visited 1 branch of the dungeon, and saw 2 of its levels.

You collected 87 gold pieces.

Inventory:

Hand Weapons
 a - a +0 long sword (weapon)
Missiles
 d - 3 throwing nets (quivered)
 n - 13 poisoned needles
Armour
 b - a +0 leather armour (worn)
 c - a +0 helmet (worn)
Scrolls
 e - 2 scrolls of teleportation {unknown}
 g - a scroll of fear {unknown}
 h - 2 scrolls of identify {unknown}
 i - 3 scrolls of fog {unknown}
 l - a scroll of blinking {unknown}
 o - 2 scrolls of enchant weapon {unknown}
Potions
 j - 2 potions of might {unknown}
 k - 2 potions of berserk rage {unknown}
 m - a potion of cancellation {unknown}
Comestibles
 f - 2 rations


   Skills:
 + Level 2.6 Fighting
 + Level 3.4 Long Blades
 + Level 1.8 Throwing
 + Level 1.1 Armour
 + Level 3.2 Dodging


You had 2 spell levels left.
You didn't know any spells.

Dungeon Overview and Level Annotations

Branches:
Dungeon (2/15)

Altars:

Annotations:
D:2 Ijyb


Innate Abilities, Weirdness & Mutations

You regenerate a little health from kills.


Message History

Ijyb completely misses you. The goblin misses you.
You riposte.
You barely miss the goblin. The goblin closely misses you.
You hit Ijyb.
Ijyb is moderately wounded.
Ijyb misses you. The goblin barely misses you. The goblin closely misses you.
Ijyb hits you but does no damage.
You hit Ijyb but do no damage.
Ijyb is moderately wounded.
The goblin hits you with a dagger. The goblin hits you with a club.
* * * LOW HITPOINT WARNING * * *
Ijyb closely misses you. The goblin hits you but does no damage.
You hit Ijyb but do no damage.
Ijyb is moderately wounded.
The goblin hits you with a club.
* * * LOW HITPOINT WARNING * * *
Ijyb hits you but does no damage. The goblin hits you but does no damage.
You hit Ijyb.
Ijyb is heavily wounded.
The goblin hits you but does no damage. Ijyb hits you.
You die...

#.. #.....#..#.#
#.....#..#.#
+.....#..#.#
#.#####....#####.#
.................#
.........#########
.........8.8.8.8.#
.........)gg.....#
.........)@g....?#
.######....).....#
#.........!#
#..........#
#..8.8.8.8.#
############


You could see Ijyb and 2 goblins.

Vanquished Creatures
  An adder (D:2)
  An ooze (D:2)
  3 dart slugs (D:2)
  A leopard gecko (D:2)
  5 bats
  3 giant cockroaches
  10 goblins
  5 hobgoblins
  4 jackals (D:1)
  2 frilled lizards (D:2)
  5 kobolds
  2 rats
42 creatures vanquished.

Notes
Turn   | Place    | Note
-------+----------+-------------------------------------------
     0 | D:1      | slep the Demonspawn Gladiator began the quest for the Orb.
     0 | D:1      | Reached XP level 1. HP: 16/16 MP: 1/1
   188 | D:1      | Gained mutation: You regenerate a little health from kills. [demonic ancestry]
   188 | D:1      | Reached XP level 2. HP: 8/23 MP: 2/2
   675 | D:2      | Reached XP level 3. HP: 22/28 MP: 3/3
   882 | D:2      | Reached skill level 1 in Armour
  1171 | D:2      | Noticed Ijyb
  1186 | D:2      | HP: 1/28 [goblin/club (3)]
  1187 | D:2      | Slain by Ijyb

Vault maps used:
D:1:      dpeg_arrival_simpleton_a
D:2:      kennysheep_the_goblin_king, lexackson_kobold_supper

Skill      XL: |  1  2  3 |
---------------+----------+-----
Long Blades    | 3 |  3.4
Dodging        | 3 |  3.2
Armour         | 1 |  1.1
Fighting       | |  2.6
Throwing       | |  1.8

Action                   || total
-------------------------++-------
Melee: Long sword        ||   132
Armor: Leather armour    ||    58
Dodge: Dodged            ||   137
       Rpst.: Long sword ||    42

Table legend:
 A = Spawn XP
 B = Non-spawn XP
 C = Spawn XP percentage of total XP
 D = Spawn monster count
 E = Non-spawn monster count
 F = Spawn count percentage of total count
 G = Total turns spent on level
                    A         B        C        D         E        F      G
               +---------+---------+-------+---------+---------+-------+---------
         Total |       0 |      96 |   0.0 |       0 |      42 |   0.0 |  1187
               +---------+---------+-------+---------+---------+-------+---------
           D:1 |       0 |      35 |   0.0 |       0 |      21 |   0.0 |   636
           D:2 |       0 |      61 |   0.0 |       0 |      21 |   0.0 |   551
               +---------+---------+-------+---------+---------+-------+---------
